 Dungeon Crawl Stone Soup version 0.28-a0-919-g0b5b508569 (webtiles) character file.

Game seed: 14394261665827620221

163 bearlyready the Insei (level 5, -6/33 HPs)
             Began as an Octopode Transmuter on Nov 26, 2021.
             Mangled by an iguana (12 damage)
             ... on level 4 of the Dungeon.
             The game lasted 00:04:53 (4410 turns).

bearlyready the Insei (Octopode Transmuter)         Turns: 4410, Time: 00:04:54

Health: -6/33      AC:  1    Str:  9    XL:     5   Next: 44%
Magic:  8/8        EV: 13    Int: 17    God:
Gold:   197        SH:  0    Dex: 12    Spells: 2/8 levels left

rFire   . . .      SeeInvis .     - Unarmed
rCold   . . .      Faith    .   (no shield)
rNeg    . . .      Spirit   .   (helmet restricted)
rPois   .          Reflect  .   (no amulet)
rElec   .          Harm     .   (no ring)
rCorr   .          Rampage  .   (no ring)
Will    .....                   (no ring)
Stlth   ++........              (no ring)
HPRegen 0.11/turn               (no ring)
MPRegen 0.11/turn               (no ring)
                                (no ring)
                                (no ring)

@: studying Conjurations
A: almost no armour, amphibious, 8 rings, camouflage 1, gelatinous body 1,
(nimble swimmer 1), tentacles
a: no special abilities


You were on level 4 of the Dungeon.
You visited 1 branch of the dungeon, and saw 4 of its levels.

You collected 197 gold pieces.

Inventory:

Magical Staves
 a - a staff of air
Jewellery
 h - a +4 ring of slaying
 n - the ring of Amywir {Str+3 Slay+4}
   (You found it on level 4 of the Dungeon)

   [ring of slaying]

   Str:       It affects your strength (+3).
   Slay:      It affects your accuracy & damage with ranged weapons and melee
   (+4).
Wands
 i - a wand of iceblast (9)
Scrolls
 b - a scroll of identify {unknown}
 c - a scroll of summoning {unknown}
 k - 2 scrolls of teleportation {unknown}
 l - a scroll of amnesia {unknown}
Potions
 d - 2 potions of berserk rage {unknown}
 e - a potion of lignification {unknown}
 f - 2 potions of heal wounds {unknown}
 g - 2 potions of ambrosia {unknown}
 j - a potion of attraction {unknown}
 m - a potion of magic {unknown}


   Skills:
 + Level 1.3 Fighting
 - Level 2.0 Dodging
 + Level 4.3 Unarmed Combat
 - Level 2.0 Spellcasting
 + Level 3.7 Transmutations
 + Level 2.1 Poison Magic


You had 2 spell levels left.
You knew the following spells:

 Your Spells              Type           Power      Damage    Failure   Level
a - Beastly Appendage     Tmut           28%        N/A       4%          1
b - Wereblood             Tmut           14%        N/A       6%          2
c - Spider Form           Tmut/Pois      11%        N/A       17%         3

Your spell library contained the following spells:

 Spells                   Type           Power      Damage    Failure   Level
 Ice Form                 Ice/Tmut       8%         N/A       65%         4


Dungeon Overview and Level Annotations

Branches:
Dungeon (4/15)
 Temple: D:4-7

Altars:
Dithmenos
Trog


Innate Abilities, Weirdness & Mutations

You cannot wear most types of armour.
You are amphibious.
You can wear up to eight rings at the same time.
Your skin changes colour to match your surroundings (Stealth+).
Your rubbery body absorbs attacks. (AC +1, EV +1)
((You are camouflaged near water. (Stealth+)))
You have tentacles for arms and can constrict up to eight enemies at once.


Message History

The hound skeleton is lightly damaged.
The hound skeleton bites you.
You tentacle-slap the hound skeleton but do no damage.
You grab the hound skeleton.
The hound skeleton is lightly damaged.
You constrict the hound skeleton. The hound skeleton bites you.
The hound skeleton completely misses you.
You tentacle-slap the hound skeleton.
The hound skeleton is lightly damaged.
You constrict the hound skeleton. The hound skeleton closely misses you.
You tentacle-slap the hound skeleton.
The hound skeleton is moderately damaged.
You constrict the hound skeleton. The hound skeleton bites you.
You are too injured to fight recklessly!
You are too injured to fight recklessly!
You tentacle-slap the hound skeleton.
The hound skeleton is heavily damaged.
You constrict the hound skeleton. The hound skeleton bites you.
You tentacle-slap the hound skeleton.
The hound skeleton is almost destroyed.
You constrict the hound skeleton.
You destroy the hound skeleton!
An iguana comes into view.
An iguana is nearby!
An iguana is nearby!
The iguana hisses angrily.
You tentacle-slap the iguana but do no damage.
You grab the iguana.
You constrict the iguana, but do no damage.
The iguana bites you!
You are too injured to fight recklessly!
You tentacle-slap the iguana. You squeeze the iguana!
The iguana is severely wounded.
You constrict the iguana. The iguana bites you!
* * * LOW HITPOINT WARNING * * *
You tentacle-slap the iguana but do no damage.
The iguana is severely wounded.
You constrict the iguana, but do no damage.
The iguana bites you!
You die...

###########
#..........
#..........
#.......... #........
#########......
#......#....l#
######......#...@.#
......#....)#.....#
......#.....'.....#
......#######.....#
......#.....##.......#
......#......#.......#
......#......#.?.....#
......#......#.......#
#.....#......#.......#


You could see an iguana.

Vanquished Creatures
  An iguana (D:3)
  An orc wizard (D:4)
  A hound skeleton (D:4)
  2 adders
  3 worms
  A dart slug (D:1)
  2 orcs (D:3)
  8 ball pythons
  An endoplasm (D:4)
  3 giant cockroaches
  8 goblins
  7 hobgoblins
  8 jackals (D:1)
  2 quokkas
  6 bats
  4 frilled lizards
  4 kobolds
  6 rats
68 creatures vanquished.

Vanquished Creatures (others)
  A kobold (D:3)
1 creature vanquished.

Grand Total: 69 creatures vanquished

Notes
Turn   | Place    | Note
-------+----------+-------------------------------------------
     0 | D:1      | bearlyready the Octopode Transmuter began the quest for the
                  | Orb.
     0 | D:1      | Reached XP level 1. HP: 13/13 MP: 3/3
   290 | D:1      | Reached XP level 2. HP: 18/18 MP: 5/5
   717 | D:1      | Reached XP level 3. HP: 18/23 MP: 6/6
  1795 | D:2      | Learned a level 2 spell: Wereblood
  1799 | D:2      | Learned a level 3 spell: Spider Form
  2166 | D:2      | Found a faded altar of an unknown god.
  2328 | D:2      | Reached XP level 4. HP: 25/28 MP: 7/7
  2569 | D:3      | Reached skill level 4 in Unarmed Combat
  2569 | D:3      | Reached skill level 1 in Poison Magic
  3699 | D:3      | Found a bloodstained altar of Trog.
  3724 | D:3      | Found a shadowy altar of Dithmenos.
  3846 | D:4      | Reached XP level 5. HP: 31/33 MP: 8/8
  3888 | D:4      | Identified the ring of Amywir {Str+3 Slay+4}
  4410 | D:4      | Mangled by an iguana

Illustrated notes

Levels and vault maps discovered:
D:1:      dpeg_arrival_more_subterranean_lakeside_camping, layout_loops_ring,
          serial_co_window_serial, co_window_corner_a, co_window_paths_b,
          co_window_paths_a, co_window_paths_a, co_window_paths_a,
          co_window_2corner, co_window_of_opportunity_b, co_window_paths_c,
          co_window_corner_b, co_window_of_opportunity_c, co_window_broadway_a,
          glass_columns_b, glass_columns_a
D:2:      layout_basic, basic_ecumenical_altar,
          nicolae_concentric_dashed_squares_wild
D:3:      layout_loops_ring, mainiacjoe_overflow_swirl
D:4:      layout_gridville

Skill      XL: |  1  2  3  4  5 |
---------------+----------------+-----
Transmutations | 3 |  3.7
Unarmed Combat | 4 |  4.3
Poison Magic   | 1 2 |  2.1
Fighting       | |  1.3
Dodging        | |  2.0
Spellcasting   | |  2.0

Action                   |  1- 3 |  4- 6 || total
-------------------------+-------+-------++-------
Melee: Unarmed           |   113 |    72 ||   185
       Constrict         |    27 |    17 ||    44
       Tentacles         |    10 |     7 ||    17
       Kick              |     4 |       ||     4
       Punch             |     2 |     2 ||     4
 Cast: Beastly Appendage |     3 |       ||     3
       Spider Form       |       |     4 ||     4
 Stab: Sleeping          |     7 |     7 ||    14
       Distracted        |       |     1 ||     1
Armor: Skin              |     7 |     5 ||    12
Dodge: Dodged            |    83 |    31 ||   114

Table legend: (Time is in decaauts)
 A = Elapsed time spent in this place.
 B = Non-inter-level travel time spent in this place.
 C = Inter-level travel time spent in this place.
 D = Time resting spent in this place.
 E = Time spent auto-exploring this place.
 F = Levels seen in this place.
 G = Mean time per level.
                   A        B        C        D        E       F      G
               +--------+--------+--------+--------+--------+-----+--------+
         Total |   4398 |   4316 |     82 |    544 |   3188 |   4 | 1099.5 |
       Dungeon |   4398 |   4316 |     82 |    544 |   3188 |   4 | 1099.5 |
               +--------+--------+--------+--------+--------+-----+--------+

Top non-repeatable levels by time:
     D:3: 1552 daAuts
     D:1: 1344 daAuts
     D:2: 1161 daAuts
     D:4: 340 daAuts
